Lightning vs Blue Jackets

Created - 19 octobre 2017 at 15:55

Goals
1 2 3 T
Lightning 1 2 0 3
Blue Jackets 0 0 1 1
Shots
1 2 3 T
Lightning 13 8 15 36
Blue Jackets 12 4 10 26

1st period

1. Lightning , Travis Konecny 1 (Brett Pesce 2, Alexander Ovechkin 2) at 13:38

Penalties :
Drew Doughty (TBL) for Tripping (Minor) at 0:21, Carlo Colaiacovo (CBJ) for Slashing (Minor) at 7:59

2nd period

2. Lightning , Jori Lehtera 1 (Carl Hagelin 3, Jack Johnson 1) at 1:39
3. Lightning , Jack Johnson 1 (Brett Pesce 3, Carl Hagelin 4) at 2:11

Penalties :
Carlo Colaiacovo (CBJ) for Interference (Minor) at 5:39, Derek Dorsett (CBJ) for Holding (Minor) at 15:08

3rd period

4. Blue Jackets , Eric Staal 3 (James Wisniewski 8, Dennis Wideman 5) at 10:52 (SH)

Penalties :
Jake Gardiner (CBJ) for Hooking (Minor) at 0:08, Doug Janik (CBJ) for Roughing (Minor) at 6:32, Jarome Iginla (CBJ) for Interference (Minor) at 9:56, Carl Hagelin (TBL) for Boarding (Minor) at 13:28, Doug Janik (CBJ) for Cross-checking (Minor) at 15:54, Evander Kane (CBJ) for Tripping (Minor) at 15:59, Doug Janik (CBJ) for Slashing (Minor) at 18:07, Jarret Stoll (TBL) for High sticking (Minor) at 18:27

Goalie Stats

Devan Dubnyk (TBL), 25 saves from 26 shots - (0,962), W, 2-3-0, 60:00 minutes
Steve Mason (CBJ), 33 saves from 36 shots - (0,917), L, 4-3-0, 60:00 minutes

Players Stats for Lightning

Player Name              G  A  P  +/- PIM S  H  SB GA TA FO     MP     PP MP  PK MP  
------------------------------------------------------------------------------------
Alexander Burmistrov     0  0  0   0  0   0  0  0  0  0  9/19   14:20   0:24   0:00 
Alexander Ovechkin       0  1  1   1  0   3  2  0  0  0  2/2    24:25   6:43   2:00 
Blake Comeau             0  0  0   0  0   0  0  0  0  0  0/0     3:32   0:00   0:00 
Brendan Bell             0  0  0   0  0   4  1  1  0  0  0/0    17:58   6:14   0:20 
Brett Pesce              0  2  2   3  0   1  1  1  0  0  0/0    17:09   0:24   1:56 
Carl Hagelin             0  2  2   2  2   3  1  0  0  0  0/2    16:13   7:07   0:41 
Corey Perry              0  0  0  -1  0   2  1  0  0  0  0/0    23:56   7:11   2:03 
Drew Doughty             0  0  0  -1  2   4  3  3  0  0  0/0    24:23   7:40   1:13 
Esa Lindell              0  0  0   0  0   3  0  0  0  0  0/0    17:38   6:14   0:00 
Jack Johnson             1  1  2   3  0   1  0  2  0  0  0/0    17:38   0:24   2:25 
Jarret Stoll             0  0  0   1  2   2  5  1  0  0  19/29  22:13   6:13   0:56 
Jori Lehtera             1  0  1   2  0   3  0  0  0  0  12/20  12:44   0:00   0:00 
Morgan Rielly            0  0  0  -1  0   0  0  1  0  0  0/0    25:13   7:40   2:02 
Nick Foligno             0  0  0  -1  0   7  2  0  0  0  6/15   21:53   7:11   0:00 
Ryan Thang               0  0  0   0  0   0  0  0  0  0  0/0     0:00   0:00   0:00 
Travis Konecny           1  0  1   1  0   2  0  0  0  0  0/0    14:18   0:00   0:00 
Tyler Toffoli            0  0  0   1  0   1  1  0  0  0  2/6    19:58   7:40   1:44 
Wojtek Wolski            0  0  0   0  0   0  0  0  0  0  0/0     0:56   0:24   0:32 

Players Stats for Blue Jackets

Player Name              G  A  P  +/- PIM S  H  SB GA TA FO     MP     PP MP  PK MP  
------------------------------------------------------------------------------------
Alex Galchenyuk          0  0  0   0  0   0  0  0  0  0  0/0     4:53   0:00   0:00 
Andre Benoit             0  0  0   0  0   1  1  2  0  0  0/0    22:40   2:36   7:20 
Carlo Colaiacovo         0  0  0   0  4   1  4  3  0  0  0/0    20:32   2:36   5:14 
Corey Locke              0  0  0  -1  0   1  0  1  0  0  0/0    13:14   1:23   0:00 
Damien Brunner           0  0  0   0  0   0  0  0  0  0  2/4     4:53   0:00   0:00 
Dennis Wideman           0  1  1  -1  0   0  1  3  0  0  0/0    23:02   1:22   6:59 
Derek Dorsett            0  0  0  -1  2   1  2  0  0  0  1/2    13:13   1:23   0:00 
Doug Janik               0  0  0  -1  6   2  7  2  0  0  0/0    16:02   0:00   1:46 
Eric Staal               1  0  1   0  0   5  1  1  0  0  10/24  22:40   2:35   6:45 
Evander Kane             0  0  0  -1  2   5  1  0  0  0  5/17   19:53   1:23   6:03 
Jake Gardiner            0  0  0  -1  2   0  1  1  0  0  0/0    14:42   0:00   0:24 
James Wisniewski         0  1  1  -1  0   0  5  2  0  0  0/0    22:44   1:22   6:41 
Jarome Iginla            0  0  0  -1  2   3  3  1  0  0  11/16  22:53   2:35   6:59 
Lukas Kaspar             0  0  0  -1  0   3  1  1  0  0  2/3    11:04   0:00   0:00 
Matt Read                0  0  0  -1  0   0  0  0  0  0  3/11   11:04   0:00   0:00 
Nick Bjugstad            0  0  0   0  0   1  0  0  0  0  0/0     4:53   0:00   0:00 
Rick Nash                0  0  0  -1  0   3  1  1  0  0  8/15   21:44   2:35   6:09 
Tomas Kopecky            0  0  0   0  0   0  1  0  0  0  1/1    12:01   0:00   0:57 

3 Stars

1 - Jack Johnson (TBL)
2 - Brett Pesce (TBL)
3 - Jori Lehtera (TBL)

Power Play

Lightning - 0 on 9 Attempt(s) - 0,00%
Blue Jackets - 0 on 3 Attempt(s) - 0,00%

Penalty Kill

Lightning - 3 on 3 Attempt(s) - 100,00% - Score 0 goal in Penalty Kill
Blue Jackets - 9 on 9 Attempt(s) - 100,00% - Score 1 goal in Penalty Kill

Team Stat

Lightning - Hits : 17 - Faceoff Wins : 50 - Blocked Shots : 9 - Penalty Minutes : 6
Blue Jackets - Hits : 29 - Faceoff Wins : 43 - Blocked Shots : 18 - Penalty Minutes : 18

Official

Referees : Kevin Pollock and Jarrod Ragusin
Linesman : Derek Wahl and Greg McAlpine

Game Notes

No Game Note

Finance

Level 1 -- Attendance: 5842 (86,55%) -- Ticket Income 543 306 $
Level 2 -- Attendance: 5072 (88,21%) -- Ticket Income 344 896 $
Level 3 -- Attendance: 2356 (85,67%) -- Ticket Income 96 596 $
Level 4 -- Attendance: 4750 (100,00%) -- Ticket Income 114 000 $
Luxury Box -- Attendance: 1160 (83,57%) -- Ticket Income 406 000 $
Game was played at the Nationwide Arena.
Total Attendance: 19180 (89,68%)
Total Ticket Income: 1 504 798 $
Other Income: 737 351 $
Total Income: 2 242 149 $

Lightning

5 vs 5 Forward 
   Center                   Left Wing                Right Wing               Time % Phy DF OF 
 1 Alexander Burmistrov     Nick Foligno             Corey Perry              33     0   1  4  
 2 Jarret Stoll             Alexander Ovechkin       Travis Konecny           33     0   2  3  
 3 Jori Lehtera             Carl Hagelin             Tyler Toffoli            24     0   2  3  
 4 Jori Lehtera             Blake Comeau             Tyler Toffoli            10     1   3  1  

5 vs 5 Defense 
   Defense                  Defense                                           Time % Phy DF OF 
 1 Drew Doughty             Morgan Rielly                                     36     1   3  1  
 2 Jack Johnson             Brett Pesce                                       32     1   3  1  
 3 Brendan Bell             Esa Lindell                                       29     1   4  0  
 4 Drew Doughty             Jack Johnson                                      3      1   3  1  

PowerPlay Forward 
   Center                   Left Wing                Right Wing               Time % Phy DF OF 
 1 Nick Foligno             Tyler Toffoli            Corey Perry              50     0   0  5  
 2 Jarret Stoll             Carl Hagelin             Alexander Ovechkin       50     0   0  5  

PowerPlay Defense
   Defense                  Defense                                           Time % Phy DF OF 
 1 Drew Doughty             Morgan Rielly                                     50     0   0  5  
 2 Brendan Bell             Esa Lindell                                       50     0   0  5  

Penalty Kill 4 Players Forward 
   Center                   Wing                     Time % Phy DF OF 
 1 Alexander Ovechkin       Corey Perry              50     0   5  0  
 2 Jarret Stoll             Carl Hagelin             50     0   5  0  

Penalty Kill 4 Players Defense
   Defense                  Defense                  Time % Phy DF OF 
 1 Drew Doughty             Brett Pesce              50     0   5  0  
 2 Jack Johnson             Morgan Rielly            50     0   5  0  

Penalty Kill - 3 Players Forward 
   Forward                                           Time % Phy DF OF 
 1 Corey Perry                                       50     0   5  0  
 2 Jarret Stoll                                      50     0   5  0  

Penalty Kill - 3 Players Defense
   Defense                  Defense                  Time % Phy DF OF 
 1 Drew Doughty             Brett Pesce              50     0   5  0  
 2 Jack Johnson             Morgan Rielly            50     0   5  0  

4 vs 4 Forward 
   Center                   Wing                     Time % Phy DF OF 
 1 Jarret Stoll             Corey Perry              50     0   1  4  
 2 Jori Lehtera             Nick Foligno             50     0   2  3  

4 vs 4 Defense
   Defense                  Defense                  Time % Phy DF OF 
 1 Drew Doughty             Morgan Rielly            50     0   4  1  
 2 Jack Johnson             Brett Pesce              50     0   4  1  

Last Minutes Offensive
   Center                   Left Wing                Right Wing               Defense                  Defense                  
   Alexander Burmistrov     Alexander Ovechkin       Corey Perry              Drew Doughty             Jack Johnson             

Last Minutes Defensive
   Center                   Left Wing                Right Wing               Defense                  Defense                  
   Alexander Burmistrov     Nick Foligno             Jarret Stoll             Drew Doughty             Jack Johnson             

Goaltenders
Starting : Devan Dubnyk             
Backup : Petr Mrazek              

Extra Forwards
Normal : Corey Perry, Alexander Ovechkin, Nick Foligno - PP : Corey Perry, Jarret Stoll - PK : Jarret Stoll
Extra Defensemen
Normal : Drew Doughty, Jack Johnson, Morgan Rielly - PP : Drew Doughty - PK : Jack Johnson, Drew Doughty
Penalty Shots
Alexander Ovechkin, Corey Perry, Tyler Toffoli, Nick Foligno, Jarret Stoll
Custom OT Lines Forwards
Corey Perry, Alexander Ovechkin, Blake Comeau, Nick Foligno, Tyler Toffoli, Travis Konecny, Jori Lehtera, Carl Hagelin, Jarret Stoll, Alexander Burmistrov
Custom OT Lines Defensemen
Drew Doughty, Jack Johnson, Morgan Rielly, Brett Pesce, Esa Lindell

Scratches
Jordan Staal (Healthy)

Blue Jackets

5 vs 5 Forward 
   Center                   Left Wing                Right Wing               Time % Phy DF OF 
 1 Eric Staal               Rick Nash                Jarome Iginla            33     1   1  3  
 2 Evander Kane             Corey Locke              Derek Dorsett            33     0   1  4  
 3 Matt Read                Lukas Kaspar             Tomas Kopecky            24     1   3  1  
 4 Damien Brunner           Alex Galchenyuk          Nick Bjugstad            10     1   3  1  

5 vs 5 Defense 
   Defense                  Defense                                           Time % Phy DF OF 
 1 Dennis Wideman           James Wisniewski                                  34     0   3  2  
 2 Carlo Colaiacovo         Andre Benoit                                      34     0   3  2  
 3 Jake Gardiner            Doug Janik                                        32     1   2  2  
 4 Dennis Wideman           James Wisniewski                                  0      1   2  2  

PowerPlay Forward 
   Center                   Left Wing                Right Wing               Time % Phy DF OF 
 1 Eric Staal               Rick Nash                Jarome Iginla            50     0   2  3  
 2 Evander Kane             Corey Locke              Derek Dorsett            50     0   2  3  

PowerPlay Defense
   Defense                  Defense                                           Time % Phy DF OF 
 1 Dennis Wideman           James Wisniewski                                  50     0   3  2  
 2 Carlo Colaiacovo         Andre Benoit                                      50     0   3  2  

Penalty Kill 4 Players Forward 
   Center                   Wing                     Time % Phy DF OF 
 1 Jarome Iginla            Eric Staal               50     0   5  0  
 2 Rick Nash                Evander Kane             50     0   5  0  

Penalty Kill 4 Players Defense
   Defense                  Defense                  Time % Phy DF OF 
 1 Dennis Wideman           James Wisniewski         50     0   5  0  
 2 Carlo Colaiacovo         Andre Benoit             50     1   3  1  

Penalty Kill - 3 Players Forward 
   Forward                                           Time % Phy DF OF 
 1 Jarome Iginla                                     60     1   2  2  
 2 Eric Staal                                        40     1   2  2  

Penalty Kill - 3 Players Defense
   Defense                  Defense                  Time % Phy DF OF 
 1 Dennis Wideman           James Wisniewski         60     1   2  2  
 2 Carlo Colaiacovo         Andre Benoit             40     1   2  2  

4 vs 4 Forward 
   Center                   Wing                     Time % Phy DF OF 
 1 Jarome Iginla            Eric Staal               60     0   2  3  
 2 Rick Nash                Evander Kane             40     0   2  3  

4 vs 4 Defense
   Defense                  Defense                  Time % Phy DF OF 
 1 Dennis Wideman           James Wisniewski         60     0   3  2  
 2 Carlo Colaiacovo         Andre Benoit             40     1   2  2  

Last Minutes Offensive
   Center                   Left Wing                Right Wing               Defense                  Defense                  
   Eric Staal               Rick Nash                Jarome Iginla            Dennis Wideman           James Wisniewski         

Last Minutes Defensive
   Center                   Left Wing                Right Wing               Defense                  Defense                  
   Eric Staal               Rick Nash                Jarome Iginla            Dennis Wideman           James Wisniewski         

Goaltenders
Starting : Steve Mason              
Backup : Gerald Coleman           

Extra Forwards
Normal : Lukas Kaspar, Matt Read, Tomas Kopecky - PP : Lukas Kaspar, Matt Read - PK : Tomas Kopecky
Extra Defensemen
Normal : Jake Gardiner, Doug Janik, Carlo Colaiacovo - PP : Jake Gardiner - PK : Doug Janik, Carlo Colaiacovo
Penalty Shots
Jarome Iginla, Eric Staal, Rick Nash, Evander Kane, Corey Locke
Custom OT Lines Forwards
Jarome Iginla, Eric Staal, Rick Nash, Evander Kane, Corey Locke, Derek Dorsett, Lukas Kaspar, Matt Read, Tomas Kopecky, Damien Brunner
Custom OT Lines Defensemen
Dennis Wideman, James Wisniewski, Carlo Colaiacovo, Andre Benoit, Jake Gardiner

Scratches
Mike York (Healthy)

% Time on Ice - Lightning

Lines # - Real PCT - Wanted PCT - Time Play
Normal Forward
1 - 35% - 33% - 13:56
2 - 36% - 33% - 14:18
3 - 21% - 24% - 8:26
4 - 9% - 10% - 3:32
Normal Defense
1 - 37% - 36% - 14:45
2 - 35% - 32% - 14:03
3 - 28% - 29% - 11:24
4 - 0% - 3% - 0:00
PP Forward
1 - 50% - 50% - 7:11
2 - 50% - 50% - 7:07
PP Defense
1 - 56% - 50% - 8:04
2 - 44% - 50% - 6:14
PK Forward
1 - 52% - 50% - 2:03
2 - 48% - 50% - 1:55
PK Defense
1 - 49% - 50% - 1:56
2 - 51% - 50% - 2:02
PK3 Forward
1 - 0% - 50%
2 - 0% - 50%
PK3 Defense
1 - 0% - 50%
2 - 0% - 50%
44 Forward
1 - 50% - 50% - 0:46
2 - 50% - 50% - 0:46
44 Defense
1 - 50% - 50% - 0:46
2 - 50% - 50% - 0:46
Last Minute Offensive  - 0:00
Last Minute Defensive  - 0:00
Total
Forward - 60:00
Defense - 60:00

% Time on Ice - Blue Jackets

Lines # - Real PCT - Wanted PCT - Time Play
Normal Forward
1 - 31% - 33% - 12:24
2 - 29% - 33% - 11:51
3 - 28% - 24% - 11:04
4 - 12% - 10% - 4:53
Normal Defense
1 - 34% - 34% - 13:45
2 - 30% - 34% - 12:08
3 - 36% - 32% - 14:19
4 - 0% - 0% - 0:00
PP Forward
1 - 65% - 50% - 2:35
2 - 35% - 50% - 1:23
PP Defense
1 - 34% - 50% - 1:22
2 - 66% - 50% - 2:36
PK Forward
1 - 50% - 50% - 6:15
2 - 50% - 50% - 6:09
PK Defense
1 - 42% - 50% - 5:10
2 - 58% - 50% - 7:14
PK3 Forward
1 - 84% - 60% - 1:36
2 - 16% - 40% - 0:18
PK3 Defense
1 - 63% - 60% - 1:12
2 - 37% - 40% - 0:42
44 Forward
1 - 61% - 60% - 0:56
2 - 39% - 40% - 0:36
44 Defense
1 - 61% - 60% - 0:56
2 - 39% - 40% - 0:36
Last Minute Offensive  - 0:00
Last Minute Defensive  - 0:00
Total
Forward - 60:00
Defense - 60:00

Play by Play

1st period


0:01 of 1st period - Rick Nash wins face-off versus Alexander Burmistrov in neutral zone.
0:20 of 1st period - Shot by Jarome Iginla.
0:20 of 1st period - Shot Blocked by Drew Doughty.
0:21 of 1st period - Minor Penalty to Drew Doughty for Tripping.
0:22 of 1st period - Jarret Stoll wins face-off versus Evander Kane in Lightning zone.
0:33 of 1st period - Shot by Evander Kane.
0:33 of 1st period - Deflect By Derek Dorsett.
0:33 of 1st period - Shot Misses the Net.
0:59 of 1st period - Shot by Andre Benoit.
0:59 of 1st period - Shot Misses the Net.
1:14 of 1st period - Off-side.
1:15 of 1st period - Eric Staal wins face-off versus Jarret Stoll in neutral zone.
1:30 of 1st period - Shot by Eric Staal.
1:30 of 1st period - Stopped by Devan Dubnyk without a rebound.
1:31 of 1st period - Jarret Stoll wins face-off versus Eric Staal in Lightning zone.
1:31 of 1st period - Jarret Stoll is hit by Jarome Iginla.
2:03 of 1st period - Shot by Eric Staal.
2:03 of 1st period - Shot Blocked by Jack Johnson.
2:05 of 1st period - Shot by Jarome Iginla.
2:05 of 1st period - Shot Misses the Net.
2:07 of 1st period - Shot by Jarome Iginla.
2:07 of 1st period - Shot Misses the Net.
2:09 of 1st period - Shot by Jarome Iginla.
2:09 of 1st period - Shot Misses the Net.
2:19 of 1st period - Derek Dorsett is hit by Alexander Ovechkin and loses puck.
2:23 of 1st period - Icing by Tomas Kopecky.
2:24 of 1st period - Matt Read wins face-off versus Jori Lehtera in Blue Jackets zone.
2:24 of 1st period - Lukas Kaspar is hit by Tyler Toffoli and loses puck.
2:37 of 1st period - Shot by Carl Hagelin.
2:37 of 1st period - Stopped by Steve Mason without a rebound.
2:38 of 1st period - Jarret Stoll wins face-off versus Evander Kane in Blue Jackets zone.
2:50 of 1st period - Alexander Ovechkin is hit by Carlo Colaiacovo.
3:10 of 1st period - Shot by Carlo Colaiacovo.
3:10 of 1st period - Stopped by Devan Dubnyk with a rebound.
3:30 of 1st period - Shot by Jarome Iginla.
3:30 of 1st period - Shot Blocked by Morgan Rielly.
3:32 of 1st period - Shot by Eric Staal.
3:32 of 1st period - Stopped by Devan Dubnyk without a rebound.
3:33 of 1st period - Eric Staal wins face-off versus Alexander Burmistrov in Lightning zone.
3:33 of 1st period - Eric Staal is hit by Brett Pesce.
3:35 of 1st period - Shot by Jarome Iginla.
3:35 of 1st period - Stopped by Devan Dubnyk without a rebound.
3:36 of 1st period - Jarome Iginla wins face-off versus Alexander Burmistrov in Lightning zone.
4:05 of 1st period - Shot by Rick Nash.
4:05 of 1st period - Stopped by Devan Dubnyk without a rebound.
4:06 of 1st period - Tomas Kopecky wins face-off versus Jori Lehtera in Lightning zone.
4:17 of 1st period - Shot by Jori Lehtera.
4:17 of 1st period - Stopped by Steve Mason with a rebound.
4:19 of 1st period - Shot by Esa Lindell.
4:19 of 1st period - Stopped by Steve Mason without a rebound.
4:20 of 1st period - Alexander Burmistrov wins face-off versus Evander Kane in Blue Jackets zone.
5:20 of 1st period - Icing by Jake Gardiner.
5:21 of 1st period - Jarret Stoll wins face-off versus Lukas Kaspar in Blue Jackets zone.
5:24 of 1st period - Shot by Alexander Ovechkin.
5:24 of 1st period - Shot Blocked by Doug Janik.
5:32 of 1st period - Esa Lindell is hit by Tomas Kopecky and loses puck.
6:14 of 1st period - Esa Lindell is hit by Dennis Wideman and loses puck.
6:52 of 1st period - Shot by Rick Nash.
6:52 of 1st period - Shot Misses the Net.
7:58 of 1st period - Jori Lehtera is hit by Carlo Colaiacovo and loses puck.
7:59 of 1st period - Minor Penalty to Carlo Colaiacovo for Slashing.
8:00 of 1st period - Jarome Iginla wins face-off versus Nick Foligno in Blue Jackets zone.
8:08 of 1st period - Icing by Tyler Toffoli.
8:09 of 1st period - Nick Foligno wins face-off versus Jarome Iginla in Lightning zone.
8:21 of 1st period - Shot by Drew Doughty.
8:21 of 1st period - Shot Misses the Net.
8:23 of 1st period - Shot by Nick Foligno.
8:23 of 1st period - Shot Blocked by Jarome Iginla.
8:29 of 1st period - Shot by Tyler Toffoli.
8:29 of 1st period - Stopped by Steve Mason without a rebound.
8:30 of 1st period - Nick Foligno wins face-off versus Rick Nash in Blue Jackets zone.
8:33 of 1st period - Shot by Nick Foligno.
8:33 of 1st period - Shot Blocked by Rick Nash.
9:13 of 1st period - Drew Doughty is hit by Doug Janik and loses puck.
9:38 of 1st period - Shot by Jack Johnson.
9:38 of 1st period - Shot Misses the Net.
9:40 of 1st period - Shot by Jack Johnson.
9:40 of 1st period - Shot Misses the Net.
9:42 of 1st period - Shot by Brett Pesce.
9:42 of 1st period - Stopped by Steve Mason without a rebound.
9:43 of 1st period - Jarome Iginla wins face-off versus Nick Foligno in Blue Jackets zone.
9:54 of 1st period - Shot by Drew Doughty.
9:54 of 1st period - Shot Misses the Net.
10:51 of 1st period - Shot by Nick Foligno.
10:51 of 1st period - Stopped by Steve Mason without a rebound.
10:52 of 1st period - Jori Lehtera wins face-off versus Eric Staal in Blue Jackets zone.
10:52 of 1st period - Brendan Bell is hit by James Wisniewski and loses puck.
10:58 of 1st period - Icing by James Wisniewski.
10:59 of 1st period - Eric Staal wins face-off versus Jori Lehtera in Blue Jackets zone.
11:08 of 1st period - Shot by Jarome Iginla.
11:08 of 1st period - Shot Blocked by Brett Pesce.
11:10 of 1st period - Shot by Eric Staal.
11:10 of 1st period - Stopped by Devan Dubnyk with a rebound.
11:12 of 1st period - Shot by Eric Staal.
11:12 of 1st period - Stopped by Devan Dubnyk without a rebound.
11:13 of 1st period - Alexander Burmistrov wins face-off versus Matt Read in Lightning zone.
11:25 of 1st period - Shot by Brendan Bell.
11:25 of 1st period - Shot Misses the Net.
12:19 of 1st period - Shot by Jarome Iginla.
12:19 of 1st period - Stopped by Devan Dubnyk without a rebound.
12:20 of 1st period - Jori Lehtera wins face-off versus Evander Kane in Lightning zone.
12:31 of 1st period - Jori Lehtera is hit by Doug Janik and loses puck.
12:38 of 1st period - Shot by Tyler Toffoli.
12:38 of 1st period - Shot Blocked by Doug Janik.
12:40 of 1st period - Shot by Drew Doughty.
12:40 of 1st period - Shot Blocked by Corey Locke.
12:42 of 1st period - Shot by Carl Hagelin.
12:42 of 1st period - Shot Misses the Net.
13:23 of 1st period - Icing by James Wisniewski.
13:24 of 1st period - Jarret Stoll wins face-off versus Eric Staal in Blue Jackets zone.
13:24 of 1st period - Jarret Stoll is hit by James Wisniewski.
13:34 of 1st period - Shot by Brett Pesce.
13:34 of 1st period - Shot Misses the Net.
13:38 of 1st period - Shot by Travis Konecny.
13:38 of 1st period - Goal by Travis Konecny - Lightning : 1 - Blue Jackets : 0.
13:39 of 1st period - Matt Read wins face-off versus Alexander Burmistrov in neutral zone.
14:00 of 1st period - Shot by Lukas Kaspar.
14:00 of 1st period - Shot Misses the Net.
14:08 of 1st period - Shot by Lukas Kaspar.
14:08 of 1st period - Stopped by Devan Dubnyk with a rebound.
15:01 of 1st period - Alexander Ovechkin is hit by James Wisniewski and loses puck.
15:04 of 1st period - Shot by Morgan Rielly.
15:04 of 1st period - Shot Misses the Net.
15:06 of 1st period - Shot by Drew Doughty.
15:06 of 1st period - Stopped by Steve Mason without a rebound.
15:07 of 1st period - Evander Kane wins face-off versus Jori Lehtera in Blue Jackets zone.
15:09 of 1st period - Icing by Doug Janik.
15:10 of 1st period - Jori Lehtera wins face-off versus Evander Kane in Blue Jackets zone.
15:11 of 1st period - Shot by Carl Hagelin.
15:11 of 1st period - Stopped by Steve Mason without a rebound.
15:12 of 1st period - Jori Lehtera wins face-off versus Eric Staal in Blue Jackets zone.
15:27 of 1st period - Shot by Rick Nash.
15:27 of 1st period - Stopped by Devan Dubnyk without a rebound.
15:28 of 1st period - Jarret Stoll wins face-off versus Evander Kane in Lightning zone.
15:39 of 1st period - Shot by Jarret Stoll.
15:39 of 1st period - Stopped by Steve Mason without a rebound.
15:40 of 1st period - Eric Staal wins face-off versus Jori Lehtera in Blue Jackets zone.
15:45 of 1st period - Jori Lehtera is hit by Jarome Iginla and loses puck.
17:35 of 1st period - Shot by Jarret Stoll.
17:35 of 1st period - Stopped by Steve Mason without a rebound.
17:36 of 1st period - Damien Brunner wins face-off versus Jarret Stoll in Blue Jackets zone.
17:55 of 1st period - Shot by Damien Brunner.
17:55 of 1st period - Shot Blocked by Drew Doughty.
17:57 of 1st period - Shot by Andre Benoit.
17:57 of 1st period - Stopped by Devan Dubnyk without a rebound.
17:58 of 1st period - Jori Lehtera wins face-off versus Matt Read in Lightning zone.
18:18 of 1st period - Jori Lehtera is hit by Doug Janik and loses puck.
18:24 of 1st period - Shot by Brendan Bell.
18:24 of 1st period - Stopped by Steve Mason without a rebound.
18:25 of 1st period - Derek Dorsett wins face-off versus Jarret Stoll in Blue Jackets zone.
18:34 of 1st period - Shot by Evander Kane.
18:34 of 1st period - Stopped by Devan Dubnyk without a rebound.
18:35 of 1st period - Damien Brunner wins face-off versus Alexander Burmistrov in Lightning zone.
18:35 of 1st period - Dennis Wideman is hit by Drew Doughty and loses puck.
19:39 of 1st period - Icing by Doug Janik.
19:40 of 1st period - Jarret Stoll wins face-off versus Evander Kane in Blue Jackets zone.
19:48 of 1st period - Icing by Jake Gardiner.
19:49 of 1st period - Jori Lehtera wins face-off versus Derek Dorsett in Blue Jackets zone.
19:52 of 1st period - Shot by Carl Hagelin.
19:52 of 1st period - Stopped by Steve Mason with a rebound.
Goals for this period are 1 for Lightning vs 0 for Blue Jackets.
Shots for this period are 13 for Lightning vs 12 for Blue Jackets.

2nd period


0:01 of 2nd period - Jarret Stoll wins face-off versus Eric Staal in neutral zone.
0:12 of 2nd period - Shot by Rick Nash.
0:12 of 2nd period - Shot Blocked by Drew Doughty.
0:20 of 2nd period - Shot by Jarome Iginla.
0:20 of 2nd period - Shot Misses the Net.
0:34 of 2nd period - Shot by Jarome Iginla.
0:34 of 2nd period - Shot Misses the Net.
1:04 of 2nd period - Dennis Wideman is hit by Jarret Stoll and loses puck.
1:14 of 2nd period - Icing by Morgan Rielly.
1:15 of 2nd period - Alexander Ovechkin wins face-off versus Matt Read in Lightning zone.
1:35 of 2nd period - Shot by Jori Lehtera.
1:35 of 2nd period - Shot Blocked by Lukas Kaspar.
1:37 of 2nd period - Shot by Carl Hagelin.
1:37 of 2nd period - Shot Misses the Net.
1:39 of 2nd period - Shot by Jori Lehtera.
1:39 of 2nd period - Goal by Jori Lehtera - Lightning : 2 - Blue Jackets : 0.
1:40 of 2nd period - Alexander Burmistrov wins face-off versus Evander Kane in neutral zone.
1:45 of 2nd period - Shot by Nick Foligno.
1:45 of 2nd period - Stopped by Steve Mason without a rebound.
1:46 of 2nd period - Evander Kane wins face-off versus Carl Hagelin in Blue Jackets zone.
1:51 of 2nd period - Brett Pesce is hit by Derek Dorsett.
2:01 of 2nd period - Shot by Jori Lehtera.
2:01 of 2nd period - Shot Blocked by James Wisniewski.
2:03 of 2nd period - Shot by Brett Pesce.
2:03 of 2nd period - Shot Misses the Net.
2:05 of 2nd period - Shot by Carl Hagelin.
2:05 of 2nd period - Shot Blocked by Dennis Wideman.
2:07 of 2nd period - Shot by Jack Johnson.
2:07 of 2nd period - Shot Blocked by James Wisniewski.
2:09 of 2nd period - Shot by Brett Pesce.
2:09 of 2nd period - Shot Misses the Net.
2:11 of 2nd period - Shot by Jack Johnson.
2:11 of 2nd period - Goal by Jack Johnson - Lightning : 3 - Blue Jackets : 0.
2:12 of 2nd period - Eric Staal wins face-off versus Alexander Burmistrov in neutral zone.
2:17 of 2nd period - Shot by Eric Staal.
2:17 of 2nd period - Shot Misses the Net.
2:36 of 2nd period - Shot by Nick Foligno.
2:36 of 2nd period - Shot Misses the Net.
2:38 of 2nd period - Shot by Nick Foligno.
2:38 of 2nd period - Stopped by Steve Mason with a rebound.
3:00 of 2nd period - Icing by Eric Staal.
3:01 of 2nd period - Eric Staal wins face-off versus Jori Lehtera in Blue Jackets zone.
4:09 of 2nd period - Icing by Jarret Stoll.
4:10 of 2nd period - Jarret Stoll wins face-off versus Matt Read in Lightning zone.
5:01 of 2nd period - Morgan Rielly is hit by Lukas Kaspar.
5:19 of 2nd period - Shot by Alexander Burmistrov.
5:19 of 2nd period - Shot Misses the Net.
5:39 of 2nd period - Minor Penalty to Carlo Colaiacovo for Interference.
5:40 of 2nd period - Rick Nash wins face-off versus Nick Foligno in Blue Jackets zone.
5:40 of 2nd period - Rick Nash is hit by Corey Perry.
6:36 of 2nd period - Shot by Carl Hagelin.
6:36 of 2nd period - Shot Misses the Net.
7:09 of 2nd period - Off-side.
7:10 of 2nd period - Tyler Toffoli wins face-off versus Jarome Iginla in neutral zone.
8:27 of 2nd period - Icing by Doug Janik.
8:28 of 2nd period - Alexander Burmistrov wins face-off versus Matt Read in Blue Jackets zone.
8:32 of 2nd period - Icing by Matt Read.
8:33 of 2nd period - Lukas Kaspar wins face-off versus Alexander Burmistrov in Blue Jackets zone.
9:10 of 2nd period - Shot by Lukas Kaspar.
9:10 of 2nd period - Stopped by Devan Dubnyk without a rebound.
9:11 of 2nd period - Jori Lehtera wins face-off versus Evander Kane in Lightning zone.
9:16 of 2nd period - Dennis Wideman is hit by Carl Hagelin and loses puck.
9:30 of 2nd period - Shot by Carl Hagelin.
9:30 of 2nd period - Shot Blocked by Dennis Wideman.
11:09 of 2nd period - Shot by Corey Perry.
11:09 of 2nd period - Shot Blocked by Andre Benoit.
11:11 of 2nd period - Shot by Esa Lindell.
11:11 of 2nd period - Shot Blocked by Carlo Colaiacovo.
11:25 of 2nd period - Shot by Corey Perry.
11:25 of 2nd period - Shot Blocked by Eric Staal.
12:10 of 2nd period - Andre Benoit is hit by Drew Doughty and loses puck.
12:18 of 2nd period - Icing by Morgan Rielly.
12:19 of 2nd period - Jori Lehtera wins face-off versus Matt Read in Lightning zone.
12:56 of 2nd period - Icing by Jake Gardiner.
12:57 of 2nd period - Jarret Stoll wins face-off versus Matt Read in Blue Jackets zone.
12:57 of 2nd period - Jarret Stoll is hit by Jake Gardiner.
13:41 of 2nd period - Shot by Travis Konecny.
13:41 of 2nd period - Stopped by Steve Mason without a rebound.
13:42 of 2nd period - Alexander Burmistrov wins face-off versus Damien Brunner in Blue Jackets zone.
13:45 of 2nd period - Shot by Nick Foligno.
13:45 of 2nd period - Stopped by Steve Mason without a rebound.
13:46 of 2nd period - Alexander Burmistrov wins face-off versus Eric Staal in Blue Jackets zone.
13:46 of 2nd period - Drew Doughty is hit by Carlo Colaiacovo and loses puck.
14:24 of 2nd period - Shot by Andre Benoit.
14:24 of 2nd period - Shot Misses the Net.
14:43 of 2nd period - Morgan Rielly is hit by James Wisniewski and loses puck.
15:08 of 2nd period - Minor Penalty to Derek Dorsett for Holding.
15:09 of 2nd period - Jarome Iginla wins face-off versus Jarret Stoll in Blue Jackets zone.
15:26 of 2nd period - Shot by Brendan Bell.
15:26 of 2nd period - Stopped by Steve Mason without a rebound.
15:27 of 2nd period - Jarome Iginla wins face-off versus Jarret Stoll in Blue Jackets zone.
15:35 of 2nd period - Off-side.
15:36 of 2nd period - Jarret Stoll wins face-off versus Jarome Iginla in neutral zone.
15:38 of 2nd period - Alexander Ovechkin is hit by Andre Benoit and loses puck.
15:52 of 2nd period - Shot by Carl Hagelin.
15:52 of 2nd period - Shot Misses the Net.
15:54 of 2nd period - Shot by Jarret Stoll.
15:54 of 2nd period - Deflect By Alexander Ovechkin.
15:54 of 2nd period - Stopped by Steve Mason with a rebound.
16:10 of 2nd period - Dennis Wideman is hit by Jarret Stoll and loses puck.
16:27 of 2nd period - Shot by Tyler Toffoli.
16:27 of 2nd period - Shot Misses the Net.
16:40 of 2nd period - Icing by Nick Foligno.
16:41 of 2nd period - Nick Foligno wins face-off versus Rick Nash in Lightning zone.
17:11 of 2nd period - Icing by Jack Johnson.
17:12 of 2nd period - Lukas Kaspar wins face-off versus Jori Lehtera in Lightning zone.
17:13 of 2nd period - Shot by Doug Janik.
17:13 of 2nd period - Stopped by Devan Dubnyk without a rebound.
17:14 of 2nd period - Jarret Stoll wins face-off versus Evander Kane in Lightning zone.
17:23 of 2nd period - Shot by Derek Dorsett.
17:23 of 2nd period - Stopped by Devan Dubnyk without a rebound.
17:24 of 2nd period - Eric Staal wins face-off versus Jarret Stoll in Lightning zone.
17:27 of 2nd period - Shot by Eric Staal.
17:27 of 2nd period - Shot Misses the Net.
17:29 of 2nd period - Shot by Andre Benoit.
17:29 of 2nd period - Shot Misses the Net.
17:35 of 2nd period - Shot by Rick Nash.
17:35 of 2nd period - Stopped by Devan Dubnyk without a rebound.
17:36 of 2nd period - Jori Lehtera wins face-off versus Evander Kane in Lightning zone.
17:36 of 2nd period - Jori Lehtera is hit by Derek Dorsett.
17:41 of 2nd period - Icing by Brett Pesce.
17:42 of 2nd period - Jori Lehtera wins face-off versus Eric Staal in Lightning zone.
17:42 of 2nd period - Jori Lehtera is hit by Eric Staal.
17:45 of 2nd period - Jack Johnson is hit by Rick Nash and loses puck.
17:55 of 2nd period - Jori Lehtera is hit by Doug Janik and loses puck.
19:07 of 2nd period - Corey Locke is hit by Brendan Bell and loses puck.
Goals for this period are 2 for Lightning vs 0 for Blue Jackets.
Shots for this period are 8 for Lightning vs 4 for Blue Jackets.

3rd period


0:01 of 3rd period - Jori Lehtera wins face-off versus Eric Staal in neutral zone.
0:07 of 3rd period - Icing by Jake Gardiner.
0:08 of 3rd period - Alexander Burmistrov wins face-off versus Eric Staal in Blue Jackets zone.
0:08 of 3rd period - Minor Penalty to Jake Gardiner for Hooking.
0:09 of 3rd period - Evander Kane wins face-off versus Jarret Stoll in Blue Jackets zone.
0:09 of 3rd period - Evander Kane is hit by Jarret Stoll.
0:23 of 3rd period - Shot by Alexander Ovechkin.
0:23 of 3rd period - Shot Blocked by Carlo Colaiacovo.
1:06 of 3rd period - Shot by Nick Foligno.
1:06 of 3rd period - Shot Misses the Net.
1:08 of 3rd period - Shot by Morgan Rielly.
1:08 of 3rd period - Shot Misses the Net.
1:10 of 3rd period - Shot by Drew Doughty.
1:10 of 3rd period - Shot Blocked by Carlo Colaiacovo.
1:12 of 3rd period - Shot by Drew Doughty.
1:12 of 3rd period - Stopped by Steve Mason without a rebound.
1:13 of 3rd period - Rick Nash wins face-off versus Nick Foligno in Blue Jackets zone.
1:13 of 3rd period - Dennis Wideman is hit by Nick Foligno and loses puck.
1:18 of 3rd period - Shot by Corey Perry.
1:18 of 3rd period - Stopped by Steve Mason without a rebound.
1:19 of 3rd period - Nick Foligno wins face-off versus Rick Nash in Blue Jackets zone.
1:32 of 3rd period - Shot by Nick Foligno.
1:32 of 3rd period - Stopped by Steve Mason with a rebound.
1:34 of 3rd period - Shot by Corey Perry.
1:34 of 3rd period - Stopped by Steve Mason without a rebound.
1:35 of 3rd period - Alexander Ovechkin wins face-off versus Rick Nash in Blue Jackets zone.
1:36 of 3rd period - Shot by Esa Lindell.
1:36 of 3rd period - Stopped by Steve Mason without a rebound.
1:37 of 3rd period - Jarret Stoll wins face-off versus Rick Nash in Blue Jackets zone.
2:02 of 3rd period - Shot by Brendan Bell.
2:02 of 3rd period - Stopped by Steve Mason without a rebound.
2:03 of 3rd period - Nick Foligno wins face-off versus Eric Staal in Blue Jackets zone.
2:06 of 3rd period - Shot by Corey Perry.
2:06 of 3rd period - Shot Blocked by Andre Benoit.
2:14 of 3rd period - Shot by Tyler Toffoli.
2:14 of 3rd period - Shot Misses the Net.
2:24 of 3rd period - Shot by Lukas Kaspar.
2:24 of 3rd period - Stopped by Devan Dubnyk without a rebound.
2:25 of 3rd period - Evander Kane wins face-off versus Alexander Burmistrov in Lightning zone.
2:34 of 3rd period - Shot by Evander Kane.
2:34 of 3rd period - Stopped by Devan Dubnyk without a rebound.
2:35 of 3rd period - Jarret Stoll wins face-off versus Eric Staal in Lightning zone.
2:35 of 3rd period - Jarret Stoll is hit by Jarome Iginla.
2:49 of 3rd period - Shot by Jarret Stoll.
2:49 of 3rd period - Deflect By Alexander Ovechkin.
2:49 of 3rd period - Shot Misses the Net.
3:03 of 3rd period - Shot by Alexander Ovechkin.
3:03 of 3rd period - Shot Blocked by Jake Gardiner.
3:27 of 3rd period - Icing by Jarome Iginla.
3:28 of 3rd period - Eric Staal wins face-off versus Alexander Burmistrov in Blue Jackets zone.
3:41 of 3rd period - Shot by Corey Locke.
3:41 of 3rd period - Stopped by Devan Dubnyk without a rebound.
3:42 of 3rd period - Evander Kane wins face-off versus Carl Hagelin in Lightning zone.
4:15 of 3rd period - Jori Lehtera is hit by Evander Kane and loses puck.
5:11 of 3rd period - Icing by Matt Read.
5:12 of 3rd period - Jarret Stoll wins face-off versus Matt Read in Blue Jackets zone.
5:36 of 3rd period - James Wisniewski is hit by Drew Doughty and loses puck.
5:46 of 3rd period - Drew Doughty is hit by Doug Janik and loses puck.
5:50 of 3rd period - Icing by Doug Janik.
5:51 of 3rd period - Alexander Burmistrov wins face-off versus Eric Staal in Blue Jackets zone.
5:51 of 3rd period - Alexander Burmistrov is hit by Doug Janik.
6:18 of 3rd period - Icing by Jarome Iginla.
6:19 of 3rd period - Jori Lehtera wins face-off versus Eric Staal in Blue Jackets zone.
6:32 of 3rd period - Shot by Jori Lehtera.
6:32 of 3rd period - Stopped by Steve Mason without a rebound.
6:32 of 3rd period - Minor Penalty to Doug Janik for Roughing.
6:33 of 3rd period - Rick Nash wins face-off versus Jarret Stoll in Blue Jackets zone.
6:52 of 3rd period - Shot by Drew Doughty.
6:52 of 3rd period - Stopped by Steve Mason without a rebound.
6:53 of 3rd period - Jarome Iginla wins face-off versus Tyler Toffoli in Blue Jackets zone.
6:59 of 3rd period - Icing by Brendan Bell.
7:00 of 3rd period - Jarome Iginla wins face-off versus Nick Foligno in Lightning zone.
7:17 of 3rd period - Shot by Corey Perry.
7:17 of 3rd period - Shot Blocked by Dennis Wideman.
7:19 of 3rd period - Shot by Nick Foligno.
7:19 of 3rd period - Stopped by Steve Mason without a rebound.
7:20 of 3rd period - Jarome Iginla wins face-off versus Jarret Stoll in Blue Jackets zone.
7:31 of 3rd period - Andre Benoit is hit by Jarret Stoll and loses puck.
8:02 of 3rd period - Shot by Alexander Ovechkin.
8:02 of 3rd period - Stopped by Steve Mason without a rebound.
8:03 of 3rd period - Rick Nash wins face-off versus Nick Foligno in Blue Jackets zone.
8:03 of 3rd period - Rick Nash is hit by Nick Foligno.
8:27 of 3rd period - Shot by Esa Lindell.
8:27 of 3rd period - Stopped by Steve Mason without a rebound.
8:28 of 3rd period - Jarret Stoll wins face-off versus Rick Nash in Blue Jackets zone.
8:44 of 3rd period - Icing by Jake Gardiner.
8:45 of 3rd period - Alexander Burmistrov wins face-off versus Damien Brunner in Blue Jackets zone.
9:01 of 3rd period - Nick Foligno is hit by Doug Janik and loses puck.
9:14 of 3rd period - Shot by Nick Bjugstad.
9:14 of 3rd period - Deflect By Damien Brunner.
9:14 of 3rd period - Shot Misses the Net.
9:16 of 3rd period - Shot by Doug Janik.
9:16 of 3rd period - Stopped by Devan Dubnyk with a rebound.
9:39 of 3rd period - Shot by Derek Dorsett.
9:39 of 3rd period - Shot Misses the Net.
9:41 of 3rd period - Shot by Evander Kane.
9:41 of 3rd period - Stopped by Devan Dubnyk with a rebound.
9:43 of 3rd period - Shot by Evander Kane.
9:43 of 3rd period - Stopped by Devan Dubnyk without a rebound.
9:44 of 3rd period - Jarret Stoll wins face-off versus Jarome Iginla in Lightning zone.
9:56 of 3rd period - Minor Penalty to Jarome Iginla for Interference.
9:57 of 3rd period - Jarret Stoll wins face-off versus Rick Nash in Blue Jackets zone.
10:36 of 3rd period - Shot by Alexander Ovechkin.
10:36 of 3rd period - Shot Misses the Net.
10:52 of 3rd period - Shot by Eric Staal.
10:52 of 3rd period - Goal by Eric Staal - Lightning : 3 - Blue Jackets : 1.
10:53 of 3rd period - Rick Nash wins face-off versus Nick Foligno in neutral zone.
11:40 of 3rd period - Drew Doughty is hit by Carlo Colaiacovo and loses puck.
12:11 of 3rd period - Shot by Jake Gardiner.
12:11 of 3rd period - Shot Misses the Net.
12:13 of 3rd period - Shot by Nick Bjugstad.
12:13 of 3rd period - Shot Blocked by Jarret Stoll.
12:15 of 3rd period - Shot by Nick Bjugstad.
12:15 of 3rd period - Stopped by Devan Dubnyk with a rebound.
12:17 of 3rd period - Shot by Doug Janik.
12:17 of 3rd period - Deflect By Nick Bjugstad.
12:17 of 3rd period - Shot Misses the Net.
12:31 of 3rd period - Damien Brunner is hit by Jarret Stoll and loses puck.
12:49 of 3rd period - Jarret Stoll is hit by James Wisniewski and loses puck.
13:28 of 3rd period - Minor Penalty to Carl Hagelin for Boarding.
13:29 of 3rd period - Eric Staal wins face-off versus Tyler Toffoli in Lightning zone.
13:55 of 3rd period - Icing by Eric Staal.
13:56 of 3rd period - Eric Staal wins face-off versus Tyler Toffoli in Blue Jackets zone.
14:07 of 3rd period - Shot by Jarome Iginla.
14:07 of 3rd period - Stopped by Devan Dubnyk without a rebound.
14:08 of 3rd period - Tyler Toffoli wins face-off versus Evander Kane in Lightning zone.
14:30 of 3rd period - Shot by Evander Kane.
14:30 of 3rd period - Stopped by Devan Dubnyk without a rebound.
14:31 of 3rd period - Jarome Iginla wins face-off versus Tyler Toffoli in Lightning zone.
14:40 of 3rd period - Shot by Jarome Iginla.
14:40 of 3rd period - Shot Misses the Net.
14:42 of 3rd period - Shot by Eric Staal.
14:42 of 3rd period - Shot Blocked by Jack Johnson.
15:20 of 3rd period - Shot by Drew Doughty.
15:20 of 3rd period - Shot Misses the Net.
15:22 of 3rd period - Shot by Drew Doughty.
15:22 of 3rd period - Shot Misses the Net.
15:24 of 3rd period - Shot by Drew Doughty.
15:24 of 3rd period - Shot Hit the Post.
15:30 of 3rd period - Shot by Nick Foligno.
15:30 of 3rd period - Shot Misses the Net.
15:44 of 3rd period - Shot by Corey Perry.
15:44 of 3rd period - Deflect By Nick Foligno.
15:44 of 3rd period - Stopped by Steve Mason without a rebound.
15:45 of 3rd period - Matt Read wins face-off versus Alexander Burmistrov in Blue Jackets zone.
15:54 of 3rd period - Minor Penalty to Doug Janik for Cross-checking.
15:55 of 3rd period - Rick Nash wins face-off versus Nick Foligno in Blue Jackets zone.
15:59 of 3rd period - Minor Penalty to Evander Kane for Tripping.
16:00 of 3rd period - Jarome Iginla wins face-off versus Nick Foligno in Blue Jackets zone.
16:21 of 3rd period - Shot by Brendan Bell.
16:21 of 3rd period - Stopped by Steve Mason without a rebound.
16:22 of 3rd period - Jarret Stoll wins face-off versus Jarome Iginla in Blue Jackets zone.
16:53 of 3rd period - Shot by Drew Doughty.
16:53 of 3rd period - Stopped by Steve Mason without a rebound.
16:54 of 3rd period - Nick Foligno wins face-off versus Eric Staal in Blue Jackets zone.
17:07 of 3rd period - Shot by Jarome Iginla.
17:07 of 3rd period - Shot Blocked by Brendan Bell.
17:19 of 3rd period - Shot by James Wisniewski.
17:19 of 3rd period - Shot Misses the Net.
17:49 of 3rd period - Carlo Colaiacovo is hit by Alexander Ovechkin and loses puck.
18:07 of 3rd period - Minor Penalty to Doug Janik for Slashing.
18:08 of 3rd period - Rick Nash wins face-off versus Jarret Stoll in Blue Jackets zone.
18:27 of 3rd period - Minor Penalty to Jarret Stoll for High sticking.
18:28 of 3rd period - Jarome Iginla wins face-off versus Jori Lehtera in Lightning zone.
19:35 of 3rd period - Shot by Alexander Ovechkin.
19:35 of 3rd period - Stopped by Steve Mason with a rebound.
Goals for this period are 0 for Lightning vs 1 for Blue Jackets.
Shots for this period are 15 for Lightning vs 10 for Blue Jackets.